Map: Orbital Shipyard

Players

SenSei

  • Race: Zerg Zerg
  • League: Grandmaster

Senin - Winner!

  • Race: Zerg Zerg
  • League: Grandmaster

Event: Gauntlet LotV Series 1 Qualifier 2

VOD

Have the link to the VOD?

Description

Time

  • Played on: Dec. 5, 2015, 2:04 p.m.
  • Length: 10:06

All games in this series

Show
View Real Time Build Order
Export as new Build Order

SenSei Zerg 

Build Orders: Pool First 

Get SALT Encoding   

  12  0:01  Drone  
  13  0:08  Drone  
  14  0:15  Extractor  
  14  0:16  Drone  
  14  0:32  Spawning Pool  
  14  0:35  Drone  
  14  0:49  Overlord  
  14  0:54  Overlord  
  14  1:19  Metabolic Boost, Queen  
  14  1:21  Zergling x2  
  18  1:25  Zergling x2  
  18  1:30  Zergling x2  
  19  1:42  Baneling Nest  
  19  1:44  Zergling x2  
  19  1:49  Zergling x2  
  21  1:54  Zergling x2  
  21  2:09  Zergling x2  
  22  2:16  Zergling x2  
  23  2:29  Zergling x8  
  27  2:31  Baneling x2  
  27  2:32  Baneling x2  
  27  2:43  Baneling  
  27  2:45  Zergling x2  
  28  2:55  Zergling x2  
  28  3:01  Zergling x2  
  26  3:16  Drone x3  
  27  3:31  Baneling x2  
  27  3:34  Drone x3  
  28  3:40  Drone  
  29  3:45  Overlord  
  26  3:58  Drone  
  25  4:05  Hatchery  
  25  4:07  Drone  
  25  4:13  Drone x3  
  28  4:20  Overlord  
  28  4:31  Evolution Chamber  
  27  4:33  Drone  
  27  4:35  Extractor  
  27  4:40  Drone  
  27  4:43  Queen  
  30  4:47  Drone x2  
  30  4:50  Drone  
  33  4:54  Drone  
  34  5:00  Zerg Melee Weapons Level 1  
  34  5:04  Drone  
  35  5:13  Drone  
  36  5:16  Drone x3  
  36  5:19  Drone  
  40  5:25  Lair  
  41  5:28  Drone  
  41  5:30  Drone  
  41  5:40  Drone x2  
  42  5:44  Extractor  
  42  5:45  Extractor  
  42  5:48  Overlord  
  40  5:50  Drone x2  
  40  5:51  Drone  
  40  5:54  Drone x3  
  40  5:56  Zergling x2  
  47  6:06  Zergling x2  
  47  6:07  Zergling x2  
  49  6:18  Zergling x10  
  54  6:25  Spire, Zergling x6  
  55  6:31  Zergling x2  
  55  6:32  Zergling x2  
  58  6:38  Drone  
  58  6:39  Overlord  
  59  6:47  Hatchery  
  59  6:50  Baneling x3  
  58  6:55  Zergling x4  
  58  6:59  Zergling x10  
  65  7:04  Overlord x2  
  62  7:32  Drone x3  
  62  7:33  Drone x2  
  62  7:34  Drone  
  68  7:39  Zerg Flyer Weapons Level 1, Mutalisk x4  
  68  7:41  Extractor  
  75  7:45  Extractor  
  75  7:46  Overseer  
  75  7:47  Mutalisk  
  76  7:56  Mutalisk x5  
  80  8:00  Mutalisk  
  82  8:11  Mutalisk  
  63  8:19  Zergling x8  
  57  8:20  Zergling x2  
  36  8:54  Drone x4  
  34  9:21  Drone x3  
  34  9:42  Drone x4  
Show
View Real Time Build Order
Export as new Build Order

Senin Zerg - Winner!

Build Orders: Pool First 

Get SALT Encoding   

  12  0:00  Drone  
  13  0:12  Overlord  
  13  0:17  Drone  
  14  0:30  Drone  
  14  0:31  Drone  
  16  0:36  Drone  
  17  0:45  Spawning Pool  
  17  0:47  Drone  
  17  0:56  Drone  
  18  1:11  Hatchery  
  18  1:16  Drone  
  18  1:32  Zergling x4, Queen  
  22  1:38  Overlord  
  22  1:44  Extractor  
  21  1:50  Drone  
  22  2:06  Drone  
  22  2:07  Queen  
  25  2:13  Overlord  
  25  2:21  Drone  
  26  2:24  Drone  
  26  2:25  Queen  
  29  2:33  Spine Crawler  
  29  2:34  Spine Crawler, Zergling x2  
  29  2:36  Zergling x2  
  29  2:42  Zergling x2  
  29  2:43  Zergling x2  
  31  2:46  Zergling x2  
  31  2:58  Zergling x6  
  33  3:04  Spine Crawler  
  33  3:12  Zergling x6  
  33  3:23  Queen  
  33  3:26  Zergling x4  
  33  3:33  Zergling x2  
  33  3:34  Zergling x2  
  31  3:50  Zergling x6  
  31  3:55  Queen  
  35  3:59  Drone  
  35  4:02  Drone  
  37  4:08  Drone  
  38  4:13  Evolution Chamber, Drone  
  38  4:19  Overlord  
  38  4:23  Drone  
  39  4:24  Drone  
  39  4:30  Evolution Chamber  
  39  4:36  Drone x2  
  39  4:37  Drone x2  
  43  4:43  Overlord  
  43  4:44  Drone  
  44  4:51  Zerg Ground Armor Level 1  
  44  4:55  Zerg Missile Weapons Level 1  
  44  4:59  Overlord  
  44  5:04  Drone  
  44  5:05  Drone  
  44  5:06  Drone  
  47  5:08  Drone  
  47  5:10  Drone  
  49  5:16  Drone x2  
  49  5:19  Drone x2, Extractor  
  52  5:22  Drone  
  52  5:26  Drone  
  54  5:43  Lair  
  54  5:44  Hatchery  
  54  5:45  Extractor  
  54  5:47  Extractor  
  51  5:52  Roach Warren  
  51  5:53  Drone x2  
  51  5:54  Drone  
  54  5:57  Drone x2  
  54  6:02  Drone x3  
  58  6:07  Overlord  
  58  6:13  Overlord  
  58  6:16  Overlord  
  58  6:22  Drone x4  
  62  6:33  Roach  
  62  6:34  Roach x2  
  62  6:36  Roach  
  62  6:39  Glial Reconstitution  
  70  6:43  Roach  
  72  6:48  Roach x4  
  72  6:53  Zerg Missile Weapons Level 2  
  80  6:56  Roach  
  80  6:58  Roach  
  84  7:01  Roach  
  84  7:06  Roach x2  
  90  7:10  Roach  
  90  7:11  Roach  
  94  7:16  Roach  
  94  7:17  Roach  
  94  7:21  Overlord x2  
  98  7:29  Zerg Ground Armor Level 2  
  98  7:51  Roach  
  98  7:52  Roach x7  
  98  7:54  Overlord  
  98  7:55  Overlord  
  114  8:09  Overlord x2  
  114  8:10  Burrow  
  114  8:11  Tunneling Claws  
  111  8:14  Roach x2  
  109  8:20  Roach x2  
  109  8:21  Roach  
  109  8:24  Roach  
  109  8:25  Roach  
  109  8:26  Drone x2  
  114  8:30  Drone x2  
  114  8:32  Drone x2  
  114  8:37  Drone x2  
  114  8:38  Drone  
  114  8:40  Drone  
  114  8:42  Drone x2  
  114  8:43  Drone  
  114  8:48  Drone x2  
  111  8:52  Drone x3  
  106  8:57  Spore Crawler  
  106  9:00  Spore Crawler x2  
  101  9:03  Spore Crawler  
  101  9:04  Spore Crawler  
  99  9:11  Roach x3  
  99  9:12  Roach  
  99  9:13  Roach x2  
  99  9:16  Roach x2  
  105  9:22  Roach x2, Extractor x2  
  103  9:24  Roach  
  103  9:25  Roach  
  103  9:27  Roach  
  103  9:30  Roach  
  111  9:36  Roach x2  
  109  9:38  Roach x2  
  109  9:41  Roach x6  
Tags
 
Add a new tag
Caveats
  • Supply blocks, unpowered buildings, or Contaminate may cause inaccurate times.
  • Supply counts are checked every 10 seconds.